 Dungeon Crawl Stone Soup version 0.32-a0-18-g89e19f1974 (webtiles) character file.

Game seed: 3570737121602495914

34 Razmath the Magician (level 3, -1/27 HPs)
             Began as a Demonspawn Hedge Wizard on Jan 16, 2024.
             Slain by Terence
             ... wielding a +0 flail
              (12 damage)
             ... on level 2 of the Dungeon.
             The game lasted 00:07:25 (1332 turns).

Razmath the Magician (Demonspawn Hedge Wizard)      Turns: 1332, Time: 00:07:26

Health: -1/27      AC:  4    Str: 12    XL:     3   Next: 14%
Magic:  2/7        EV: 12    Int: 14    God:
Gold:   58         SH:  0    Dex: 12    Spells: 7/8 levels left

rFire   . . .        a - +0 dagger
rCold   . . .        (no shield)
rNeg    . . .        b - +0 robe
rPois   .            c - melded +0 hat
rElec   .            (cloak currently unavailable)
rCorr   .            (gloves currently unavailable)
SInv    .            (boots currently unavailable)
Will    .....        (no amulet)
Stlth   ++           (no ring)
HPRegen 0.24/turn    (no ring)
MPRegen 0.10/turn

%: no passive effects
@: beast-form, very slightly contaminated
A: beast (slay +0), slimy green scales 1
a: Begin Untransformation


You were on level 2 of the Dungeon.
You were a hulking beast.
You visited 1 branch of the dungeon, and saw 2 of its levels.

You collected 58 gold pieces.

Inventory:

Hand Weapons
 a - a +0 dagger (weapon)
Missiles
 h - 12 poisoned darts (quivered)
Armour
 b - a +0 robe (worn)
 c - a +0 hat (melded)
Talismans
 i - a beast talisman (active)
Scrolls
 g - 3 scrolls of identify {unknown}
 j - a scroll of enchant weapon {unknown}
 l - a scroll of blinking {unknown}
Potions
 d - a potion of magic
 e - 2 potions of heal wounds {unknown}
 f - a potion of enlightenment {unknown}
 k - 2 potions of mutation {unknown}


   Skills:
 * Level 2.1 Fighting
 - Level 2.0 Dodging
 - Level 2.0 Stealth
 + Level 3.2 Spellcasting
 - Level 1.0 Conjurations
 - Level 1.0 Summonings
 - Level 1.0 Translocations


You had 7 spell levels left.
You knew the following spells:

 Your Spells              Type           Power      Damage    Failure   Level
a - Magic Dart            Conj           20%        1d4       14%         1

Your spell library contained the following spells:

 Spells                   Type           Power      Damage    Failure   Level
 Slow                     Hex            8%         N/A       22%         1
 Blink                    Tloc           10%        N/A       22%         2
 Call Imp                 Summ           10%        N/A       22%         2
 Cigotuvi's Dreadful Rot  Necr/Alch/Air  4%         N/A       32%         2
 Mephitic Cloud           Conj/Alch/Air  3%         N/A       50%         3


Dungeon Overview and Level Annotations

Branches:
Dungeon (2/15)

Altars:

Annotations:
D:2 Terence


Innate Abilities, Weirdness & Mutations

You are a hulking beast.
Your limbs bulge with bestial killing power. (Slay +0)
You are partially covered in slimy green scales. (AC +2)


Message History

Aiming: Magic Dart (safe; 14% risk of failure)
Press: ? - help, Shift-Dir - straight line, f - rat
Aim: a rat (100% to hit)
You miscast Magic Dart.
You are very lightly contaminated with residual magic.
Nothing appears to happen.
The rat closely misses you.
Casting: Magic Dart (safe; 14% risk of failure)
Confirm with . or Enter, or press ? or * to list all spells.
Aiming: Magic Dart (safe; 14% risk of failure)
Press: ? - help, Shift-Dir - straight line, f/p - rat
Aim: a rat (100% to hit)
The magic dart hits the rat but does no damage.
A kobold comes into view. It is wielding a +0 club.
The rat bites you but does no damage.
Casting: Magic Dart (safe; 14% risk of failure)
Confirm with . or Enter, or press ? or * to list all spells.
Aiming: Magic Dart (safe; 14% risk of failure)
Press: ? - help, Shift-Dir - straight line, f/p - rat
Aim: a rat (100% to hit)
You miscast Magic Dart.
Nothing appears to happen.
The rat completely misses you.
Casting: Magic Dart (safe; 14% risk of failure)
Confirm with . or Enter, or press ? or * to list all spells.
Aiming: Magic Dart (safe; 14% risk of failure)
Press: ? - help, Shift-Dir - straight line, f/p - rat
Aim: a rat (100% to hit)
The magic dart hits the rat.
You kill the rat!
Casting: Magic Dart (safe; 14% risk of failure)
Confirm with . or Enter, or press ? or * to list all spells.
Aiming: Magic Dart (safe; 14% risk of failure)
Press: ? - help, Shift-Dir - straight line, f - Terence
Aim: Terence, wielding a +0 flail and wearing a +0 chain mail (100% to hit)
You miscast Magic Dart.
Nothing appears to happen.
Terence hits you with a +0 flail!
You barely miss Terence. Terence closely misses you.
You barely miss Terence. Terence hits you with a +0 flail!
You barely miss Terence. Terence hits you with a +0 flail!
You die...
Terence says, "Rest in peace."

.# .# .# ## .#.#
.. .#.#
##.#.###.#.#
.....S@..#.##### #
#h##.##..
#.##.##.##.#
#.......##.## ##
####....>...##...#
#.#####......[.
...# #.###...#
###.# #†# #.## #.#
#.# #.# #.# #.#
#.#


You could see Terence and a ball python.

Vanquished Creatures
  4 endoplasms (D:1)
  2 giant cockroaches
  3 goblins (D:1)
  5 hobgoblins (D:1)
  3 kobolds (D:1)
  4 quokkas
  2 bats (D:1)
  4 frilled lizards (D:1)
  2 rats
29 creatures vanquished.

Notes
Turn   | Place    | Note
-------+----------+-------------------------------------------
     0 | D:1      | Razmath the Demonspawn Hedge Wizard began the quest for the
                  | Orb.
     0 | D:1      | Reached XP level 1. HP: 13/13 MP: 4/4
    90 | D:1      | Reached skill level 1 in Translocations
   363 | D:1      | Reached skill level 1 in Fighting
   363 | D:1      | Gained mutation: You are partially covered in slimy green
                  | scales. (AC +2) [demonic ancestry]
   363 | D:1      | Reached XP level 2. HP: 17/21 MP: 0/6
   977 | D:1      | Reached XP level 3. HP: 27/27 MP: 2/7
  1187 | D:1      | Found a faded altar of an unknown god.
  1324 | D:2      | Noticed Terence
  1332 | D:2      | Slain by Terence

Illustrated notes

Levels and vault maps discovered:
D:1:      lightli_arrival_quake, layout_rooms,
          dilly_ecumenical_altar_fadedgnrine
D:2:      layout_loops_ring, uniq_terence

Skill      XL: |  1  2 |
---------------+-------+-----
Translocations | 1 |  1.0
Fighting       | 1 2 |  2.1
Stealth        | 2 |  2.0
Dodging        | 2 |  2.0
Spellcasting   | |  3.2
Conjurations   | |  1.0
Summonings     | |  1.0

Action                     || total
---------------------------++-------
  Melee: Dagger            ||    73
   Cast: Magic Dart        ||    62
 Armour: Robe              ||    45
  Dodge: Dodged            ||    40
   Form: Beast             ||     1

Table legend: (Time is in decaauts)
 A = Elapsed time spent in this place.
 B = Non-inter-level travel time spent in this place.
 C = Inter-level travel time spent in this place.
 D = Time resting spent in this place.
 E = Time spent auto-exploring this place.
 F = Levels seen in this place.
 G = Mean time per level.
                   A        B        C        D        E       F      G
               +--------+--------+--------+--------+--------+-----+--------+
         Total |   1331 |   1302 |     29 |     66 |    926 |   2 |  665.5 |
       Dungeon |   1331 |   1302 |     29 |     66 |    926 |   2 |  665.5 |
               +--------+--------+--------+--------+--------+-----+--------+

Top non-repeatable levels by time:
     D:1: 1223 daAuts
     D:2: 108 daAuts
